 Dungeon Crawl Stone Soup version 0.26-a0-30-g56b8cd3df0 (webtiles) character file.

Game seed: 14018398056204796575, levelgen mode: deterministic

211 vurker the Firebug (level 5, -2/40 HPs)
             Began as a Demigod Fire Elementalist on June 3, 2020.
             Slain by an ogre
             ... wielding a +0 giant spiked club
              (22 damage)
             ... on level 4 of the Dungeon.
             The game lasted 00:06:19 (3392 turns).

vurker the Firebug (Demigod Fire Elementalist)      Turns: 3392, Time: 00:06:20

Health: -2/40      AC:  6    Str: 11    XL:     5   Next: 31%
Magic:  8/12       EV: 12    Int: 21    God:
Gold:   127        SH:  4    Dex: 16    Spells: 4/9 levels left

rFire    . . .     SeeInvis .   b - +2 whip (drain)
rCold    . . .     Gourm    .   k - +0 buckler
rNeg     . . .     Faith    .   p - +2 robe {MR+}
rPois    +         Spirit   .   r - +0 helmet
rElec    .         Reflect  .   c - +0 cloak
rCorr    .         Harm     .   (no gloves)
MR       +....                  (no boots)
Stlth    +.........             g - amulet of regeneration
HPRegen  0.53/turn              d - ring of poison resistance
MPRegen  0.13/turn              m - ring of attention (curse)

@: very slightly contaminated
A: high mp 1
a: no special abilities


You were on level 4 of the Dungeon.
You were not hungry.

You visited 1 branch of the dungeon, and saw 4 of its levels.

You collected 127 gold pieces.

Inventory:

Hand Weapons
 b - a +2 whip of draining (weapon)
   (You found it on level 2 of the Dungeon)
 h - the +12 spear of the Living Dead {drain, *Rage Int+2 Dex+9, unknown}
   (You found it on level 4 of the Dungeon)

   A truly terrible weapon, it drains the life of those it strikes.
   It affects your intelligence (+2).
   It affects your dexterity (+9).
   It may make you go berserk in combat.
Armour
 c - a +0 cloak (worn)
   (You found it on level 1 of the Dungeon)
 k - a +0 buckler (worn)
   (You found it on level 2 of the Dungeon)
 p - a +2 robe of magic resistance (worn)
   (You took it off Jessica on level 3 of the Dungeon)
 r - a +0 helmet (worn)
   (You found it on level 3 of the Dungeon)
Jewellery
 d - a ring of poison resistance (left hand)
   (You found it on level 1 of the Dungeon)
 g - an amulet of regeneration (around neck)
   (You found it on level 1 of the Dungeon)
 m - a cursed ring of attention (right hand)
   (You found it on level 2 of the Dungeon)
Wands
 x - a wand of acid (8)
   (You took it off Ijyb on level 3 of the Dungeon)
Scrolls
 f - a scroll of immolation {unknown}
 o - a scroll of fear
 t - a scroll of magic mapping {unknown}
Potions
 a - a potion of brilliance
 i - 2 potions of heal wounds
 j - a potion of haste
 l - a potion of curing
 n - 2 potions of invisibility
 q - a potion of cancellation {unknown}
Comestibles
 e - 2 rations
 s - 3 chunks of flesh


   Skills:
 + Level 1.3 Fighting
 - Level 1.7 Dodging
 - Level 1.7 Stealth
 * Level 1.6 Shields
 * Level 2.8 Spellcasting
 * Level 2.4 Conjurations
 * Level 3.7 Fire Magic


You had 4 spell levels left.
You knew the following spells:

 Your Spells              Type           Power        Failure   Level  Hunger
a - Foxfire               Conj/Fire      ###.         5%          1    None
q - Sticky Flame          Conj/Fire      ###.....     45%         4    ####...

Your spell library contained the following spells:

 Spells                   Type           Power        Failure   Level  Hunger
 Magic Dart               Conj           ##..         7%          1    None
 Conjure Flame            Conj/Fire      ###.....     16%         3    ###....
 Inner Flame              Hex/Fire       ##......     26%         3    ###....
 Blink                    Tloc           N/A          28%         2    ##.....
 Call Imp                 Summ           #.......     28%         2    ##.....
 Slow                     Hex            #.......     28%         2    ##.....
 Mephitic Cloud           Conj/Pois/Air  #.......     36%         3    ###....
 Fireball                 Conj/Fire      ###.......   82%         5    ######.


Dungeon Overview and Level Annotations

Branches:
Dungeon (4/15)
 Temple: D:4-7

Annotations:
D:2 2 transporters


Innate Abilities, Weirdness & Mutations

You have an increased reservoir of magic. (+10% MP)


Message History

You see here a scroll labeled HITHRE ZA ONEG.
Things that are here:
a +0 club; 11 poisoned darts There isn't anything to butcher here.
The hound skeleton bites you.
Found a stone staircase leading down.
You barely miss the hound skeleton. The hound skeleton bites you.
You hit the hound skeleton.
You block the hound skeleton's attack. x2
You completely miss the hound skeleton. You block the hound skeleton's attack.
You hit the hound skeleton. The hound skeleton barely misses you.
The hound skeleton bites you but does no damage.
You barely miss the hound skeleton.
The hound skeleton bites you but does no damage.
You hit the hound skeleton. The hound skeleton closely misses you.
You barely miss the hound skeleton.
The hound skeleton bites you but does no damage. x2
You hit the hound skeleton.
The hound skeleton bites you but does no damage.
You hit the hound skeleton.
You destroy the hound skeleton!
A leopard gecko comes into view.
The leopard gecko hisses angrily.
There is an escape hatch in the ceiling here.
You conjure some foxfire!
The foxfire hits the leopard gecko.
You kill the leopard gecko!
No target in view!
No target in view!
There is an escape hatch in the ceiling here.
t - a scroll labeled HITHRE ZA ONEG Eating one of 4 chunks of flesh.
You eat one of the 4 chunks of flesh.
An ogre comes into view. It is wielding a +0 giant spiked club.
The ogre shouts!
An ogre is nearby!
You see here 7 gold pieces.
You conjure some foxfire!
The foxfire hits the ogre.
The foxfire hits the ogre.
You miscast Foxfire.
You are very lightly contaminated with residual magic.
Nothing appears to happen.
You conjure some foxfire!
The ogre barely misses you.
You miscast Foxfire.
Nothing appears to happen.
The foxfire hits the ogre. x2
You hit the ogre. You drain the ogre.
The ogre hits you with a +0 giant spiked club!!
Ouch! That really hurt!
* * * LOW HITPOINT WARNING * * *
You conjure some foxfire!
The ogre hits you with a +0 giant spiked club!!
Ouch! That really hurt!
You die...

... >.............# ...
....#.............. ...
....#............# ....
#..........#....# .....
...........#....# #.....
.#.........#....# #......
................##.......
#..<....v.O.$.......
......###.....@##[.......
............)..v.........
........#................
..#..........#.........##
. #........##รท..##...##
.........#.((..#.....
#......#....(.............
....#..............#......
.....#.....#.....##......


You could see an ogre (drained).

Vanquished Creatures
  Jessica (D:3)
  Ijyb (D:3)
  A worker ant (D:4)
  A hound skeleton (D:4)
  6 adders
  An ooze (D:2)
  An adder skeleton (D:4)
  3 worms
  2 dart slugs (D:2)
  3 leopard geckos
  2 orcs
  3 bats
  2 giant cockroaches (D:2)
  5 goblins
  6 hobgoblins
  2 frilled lizards
  7 kobolds
  A rat (D:2)
48 creatures vanquished.

Vanquished Creatures (others)
  127 foxfires
127 creatures vanquished.

Grand Total: 175 creatures vanquished

Notes
Turn   | Place    | Note
-------+----------+-------------------------------------------
     0 | D:1      | vurker the Demigod Fire Elementalist began the quest for
                  | the Orb.
     0 | D:1      | Reached XP level 1. HP: 14/14 MP: 5/5
   150 | D:1      | Reached skill level 1 in Conjurations
   652 | D:1      | Reached XP level 2. HP: 20/20 MP: 2/7
   977 | D:2      | Reached skill level 3 in Fire Magic
  1021 | D:2      | Noticed an ogre
  1022 | D:2      | Found a transporter.
  1024 | D:2      | Noticed an ogre
  1035 | D:2      | Found a transporter.
  1042 | D:2      | Found a snail-covered altar of Cheibriados.
  1439 | D:2      | Reached XP level 3. HP: 22/27 MP: 8/8
  1910 | D:2      | Found a white marble altar of Elyvilon.
  1913 | D:2      | Found a shadowy altar of Dithmenos.
  1916 | D:2      | Found a basalt altar of Yredelemnul.
  2191 | D:3      | Noticed Jessica
  2215 | D:3      | Killed Jessica
  2215 | D:3      | Reached skill level 1 in Shields
  2215 | D:3      | Reached XP level 4. HP: 26/34 MP: 2/10
  2241 | D:3      | Learned a level 4 spell: Sticky Flame
  2296 | D:3      | Reached skill level 1 in Fighting
  2663 | D:3      | Noticed Ijyb
  2695 | D:3      | Killed Ijyb
  3274 | D:4      | Found a white marble altar of Elyvilon.
  3295 | D:4      | Got a glimmering spear
  3299 | D:4      | Reached XP level 5. HP: 40/40 MP: 7/11
  3382 | D:4      | Noticed an ogre
  3392 | D:4      | Slain by an ogre

Illustrated notes

Levels and vault maps discovered:
D:1:      minmay_arrival_shattered_statue, layout_basic
D:2:      layout_loops_corners, gammafunk_temple_overflow_arena,
          grunt_temple_overflow_diamond
D:3:      layout_basic, uniq_jessica, uniq_ijyb
D:4:      layout_cave_pools, elyvilon_altar_5

Skill      XL: |  1  2  3  4 |
---------------+-------------+-----
Conjurations   | 1 2 |  2.4
Spellcasting   | 2 |  2.8
Fire Magic     | 3 |  3.7
Shields        | 1 |  1.6
Fighting       | 1 |  1.3
Dodging        | |  1.7
Stealth        | |  1.7

Action                   |  1- 3 |  4- 6 || total
-------------------------+-------+-------++-------
Melee: Short sword       |     3 |       ||     3
       Whip              |    19 |    27 ||    46
 Cast: Foxfire           |    68 |    38 ||   106
  Use: Scroll            |     6 |     3 ||     9
  Eat: Chunk             |     4 |     4 ||     8
Armor: Robe              |     7 |     9 ||    16
Dodge: Dodged            |    18 |    19 ||    37
Block: Buckler           |       |    10 ||    10

Table legend:
 A = Non-vault XP
 B = Vault XP
 C = Vault XP percentage of total XP
 D = Non-vault monster count
 E = Vault monster count
 F = Vault count percentage of total count
                 A         B        C        D         E       F
            +---------+---------+-------+---------+---------+-------
      Total |     229 |      73 |  24.2 |      46 |       2 |   4.2
            +---------+---------+-------+---------+---------+-------
        D:1 |      16 |       0 |   0.0 |       9 |       0 |   0.0
        D:2 |      92 |       0 |   0.0 |      22 |       0 |   0.0
        D:3 |      43 |      73 |  62.9 |       8 |       2 |  20.0
        D:4 |      78 |       0 |   0.0 |       7 |       0 |   0.0
            +---------+---------+-------+---------+---------+-------
